 Dungeon Crawl Stone Soup version 0.24-a0-278-gefa1973 (webtiles) character file.

Game seed: 12094610886563240563

63 robertstho the Cutter (level 4, 0/31 HPs)
             Began as a Halfling Abyssal Knight on Apr 30, 2019.
             Was a Believer of Lugonu.
             Slain by Sigmund
             ... wielding a +0 scythe
              (9 damage)
             ... on level 2 of the Dungeon.
             The game lasted 00:03:10 (1500 turns).

robertstho the Cutter (Halfling Abyssal Knight)     Turns: 1500, Time: 00:03:10

Health: 0/31       AC:  7    Str: 14    XL:     4   Next: 30%
Magic:  3/5        EV: 12    Int: 10    God:    Lugonu [**....]
Gold:   22         SH:  0    Dex: 13    Spells: 3/3 levels left

rFire    . . .     SeeInvis .   a - +1 short sword
rCold    . . .     Gourm    .   (shield restricted)
rNeg     . . .     Faith    .   g - +0 scale mail
rPois    .         Spirit   .   (no helmet)
rElec    .         Reflect  .   (no cloak)
rCorr    .         Harm     .   i - +0 pair of gloves
MR       .....                  (no boots)
Stlth    ..........             (no amulet)
HPRegen  0.10/turn              (no ring)
MPRegen  0.09/turn              (no ring)

@: about to teleport
A: small, mutation resistance 1
a: Depart the Abyss, Bend Space, Renounce Religion


You were on level 2 of the Dungeon.
You worshipped Lugonu.
Lugonu was pleased with you.
You were not hungry.

You visited 1 branch of the dungeon, and saw 2 of its levels.
You visited the Abyss 1 time.

You collected 22 gold pieces.

Inventory:

Hand Weapons
 a - a +1 short sword (weapon)
Missiles
 h - 56 stones (quivered)
Armour
 g - a +0 scale mail (worn)
 i - a +0 pair of gloves (worn)
 k - a +0 helmet
Scrolls
 b - a scroll of amnesia
 d - a scroll of teleportation
 f - 4 scrolls of identify
 j - a scroll of immolation {unknown}
 l - a scroll of blinking {unknown}
 m - a scroll of fog {unknown}
Comestibles
 c - 3 rations
 n - 4 chunks of flesh


   Skills:
 + Level 3.2 Fighting
 + Level 3.3 Short Blades
 + Level 2.8 Armour
 + Level 1.8 Dodging
 * Level 2.4 Invocations


You had 3 spell levels left.
You didn't know any spells.
Your spell library was empty.

Dungeon Overview and Level Annotations

Branches:
Dungeon (2/15)

Altars:

Annotations:
D:2 Sigmund


Innate Abilities, Weirdness & Mutations

You are small and have problems with some larger weapons.
You are somewhat resistant to further mutation.


Message History

a +0 club; a hobgoblin corpse You closely miss Sigmund.
Sigmund barely misses you.
Okay, then.
You barely miss Sigmund. Sigmund hits you but does no damage.
Your scale mail prevents you from hitting Sigmund.
You closely miss Sigmund. Sigmund casts a spell at you.
The puff of flame misses you. Space bends around you!
You blink.
Sigmund barely misses you.
As you read the scroll labeled TOXKAS MYQE, it crumbles to dust.
It is a scroll of amnesia.
You feel forgetful for a moment.
Sigmund hits you from afar with a +0 scythe!
* * * LOW HITPOINT WARNING * * *
Space bends around you!
You blink.
As you read the scroll labeled VARGHAO QIVUF, it crumbles to dust.
You feel strangely unstable.
It was a scroll of teleportation.
You feel better.
Sigmund hits you from afar with a +0 scythe!
You die...

.##..#.....#
####.#.....#
####.......#####
..###.#+##.....#
..# #...##.....#
..# ##..##.....#
..# #..##.....#
..####..##.....####
..#....>##......@.#
..#....###........#
..#.[..# ####..@..#
..#....# #.....#
..###'##### #.....+
..# #.....# #.....#
..# #####.# #)#####
#.# #.# #.# ..#
#.###.#


You could see Sigmund.

Vanquished Creatures
  An adder (D:2)
  5 dart slugs
  A leopard gecko (D:2)
  5 giant cockroaches
  8 hobgoblins
  3 kobolds
  A quokka (D:2)
  A ball python (D:1)
  5 bats
  3 frilled lizards
  4 goblins
  2 rats (D:1)
39 creatures vanquished.

Vanquished Creatures (others)
  A hobgoblin (D:1)
1 creature vanquished.

Grand Total: 40 creatures vanquished

Notes
Turn   | Place    | Note
-------+----------+-------------------------------------------
     0 | Abyss:1  | robertstho the Halfling Abyssal Knight began the quest for
                  | the Orb.
     0 | Abyss:1  | Reached XP level 1. HP: 15/15 MP: 2/2
    22 | Abyss:1  | Found a corrupted altar of Lugonu.
    55 | D:1      | Escaped the Abyss
   138 | D:1      | Reached XP level 2. HP: 17/20 MP: 3/3
   365 | D:1      | Reached XP level 3. HP: 24/26 MP: 4/4
   369 | D:1      | Reached ** piety under Lugonu
  1238 | D:2      | Reached XP level 4. HP: 15/31 MP: 2/5
  1484 | D:2      | Noticed Sigmund
  1500 | D:2      | Slain by Sigmund

Levels and vault maps discovered:
D:1:      sevenhm_arrival_forest_fort_large_2, layout_basic,
          chequers_serial_rivers_micro_a
D:2:      layout_basic, first_ration, amethyst_killhole, uniq_sigmund

Skill      XL: |  1  2  3 |
---------------+----------+-----
Fighting       | 3 |  3.2
Short Blades   | 3 |  3.3
Armour         | |  2.8
Dodging        | |  1.8
Invocations    | |  2.4

Action                   |  1- 3 |  4- 6 || total
-------------------------+-------+-------++-------
Melee: Short sword       |   120 |    25 ||   145
Invok: Bend Space        |     2 |     2 ||     4
  Use: Potion            |     2 |     1 ||     3
       Scroll            |     1 |     2 ||     3
 Stab: Sleeping          |       |     1 ||     1
  Eat: Chunk             |     1 |     1 ||     2
Armor: Scale mail        |    71 |     4 ||    75
Dodge: Dodged            |    70 |    18 ||    88

Table legend:
 A = Non-vault XP
 B = Vault XP
 C = Vault XP percentage of total XP
 D = Non-vault monster count
 E = Vault monster count
 F = Vault count percentage of total count
                 A         B        C        D         E       F
            +---------+---------+-------+---------+---------+-------
      Total |      90 |       0 |   0.0 |      39 |       0 |   0.0
            +---------+---------+-------+---------+---------+-------
        D:1 |      45 |       0 |   0.0 |      23 |       0 |   0.0
        D:2 |      45 |       0 |   0.0 |      16 |       0 |   0.0
            +---------+---------+-------+---------+---------+-------
